 Dungeon Crawl Stone Soup version 0.29.1 (webtiles) character file.

Game seed: 795243760449740371

130 mtoz the Covered (level 4, -1/41 HPs)
             Began as a Minotaur Fighter on Sept 13, 2022.
             Killed from afar by Ijyb (15 damage)
             ... with a bolt of light
             ... on level 4 of the Dungeon.
             The game lasted 00:04:04 (2475 turns).

mtoz the Covered (Minotaur Fighter)                 Turns: 2475, Time: 00:04:04

Health: -1/41      AC: 10    Str: 22    XL:     4   Next: 89%
Magic:  3/3        EV:  7    Int:  5    God:
Gold:   113        SH:  0    Dex: 10    Spells: 3/3 levels left

rFire   . . .      SeeInvis .   a - +0 war axe
rCold   . . .      Faith    .   c - +0 buckler
rNeg    . . .      Spirit   .   p - +0 chain mail
rPois   .          Reflect  .   (helmet restricted)
rElec   .          Harm     .   (no cloak)
rCorr   .          Rampage  .   (no gloves)
Will    .....                   v - +0 pair of boots
Stlth   ..........              (no amulet)
HPRegen 0.13/turn               (no ring)
MPRegen 0.08/turn               (no ring)

@: confused
A: horns 2, retaliatory headbutt
a: no special abilities


You were on level 4 of the Dungeon.
You visited 1 branch of the dungeon, and saw 4 of its levels.

You collected 113 gold pieces.

Inventory:

Hand Weapons
 a - a +0 war axe (weapon)
Armour
 c - a +0 buckler (worn)
 p - a +0 chain mail (worn)
 v - a +0 pair of boots (worn)
Scrolls
 f - 2 scrolls of brand weapon {unknown}
 h - a scroll of poison {unknown}
 j - a scroll of magic mapping {unknown}
 k - 2 scrolls of immolation {unknown}
 m - 5 scrolls of identify {unknown}
 n - a scroll of amnesia {unknown}
 o - 2 scrolls of teleportation {unknown}
 q - 3 scrolls of blinking {unknown}
 r - a scroll of fog {unknown}
 s - a scroll of noise {unknown}
 t - 2 scrolls of vulnerability {unknown}
Potions
 b - a potion of resistance {unknown}
 d - 2 potions of might
 e - a potion of haste {unknown}
 g - a potion of lignification {unknown}
 i - 3 potions of curing {unknown}
 l - a potion of degeneration {unknown}
 u - a potion of attraction {unknown}


   Skills:
 + Level 4.5 Fighting
 + Level 3.8 Axes
 + Level 4.6 Armour
 + Level 4.6 Shields


You had 3 spell levels left.
You didn't know any spells.
Your spell library was empty.

Dungeon Overview and Level Annotations

Branches:
Dungeon (4/15)
 Temple: D:4-7

Altars:

Annotations:
D:4 Ijyb


Innate Abilities, Weirdness & Mutations

You have a pair of horns on your head.
You reflexively headbutt those who attack you in melee.


Message History

Found a robe.
No target in view!
A jackal comes into view.
A jackal comes into view.
The jackal barks!
The jackal barely misses you.
Ijyb the Twisted Goblin comes into view.
She is wielding a +0 club, wearing a +2 leather armour of cold resistance and carrying a wand of light (11).
You closely miss the jackal. You headbutt the jackal.
The jackal is severely wounded.
The jackal bites you but does no damage.
The jackal bites you.
You closely miss the jackal.
The jackal is severely wounded.
The jackal bites you but does no damage.
The jackal barely misses you. The jackal completely misses you.
You slash the jackal!
You kill the jackal!
You closely miss the jackal.
The jackal bites you but does no damage. x2
You slash the jackal!
You kill the jackal!
Ijyb zaps a wand.
The bolt of light hits you!
You are confused.
You are too confused!
You are too confused!
You are too confused!
Ijyb zaps a wand.
The bolt of light hits you.
You feel less confused. Ijyb closely misses you.
You are too injured to fight recklessly!
You hit Ijyb but do no damage.
Ijyb zaps a wand.
The bolt of light hits you!
You barely miss Ijyb. Ijyb barely misses you. Ijyb hits you but does no damage.
You slash Ijyb! Your headbutt misses Ijyb.
Ijyb is heavily wounded.
Ijyb closely misses you.
You closely miss Ijyb. You headbutt Ijyb!
Ijyb is severely wounded.
Ijyb zaps a wand.
The bolt of light hits you!
You are confused.
You die...

.....#...# .........#
........# #..[....#
+....... .
.##########.....###..
.........##..........
.........##..........
.........##.@g.......
............###...#..
............# .....
[...........# ....
............# ...
..######....# ..
#....# . #....#
#######....#


You could see Ijyb.

Vanquished Creatures
  Jessica (D:3)
  3 adders (D:2)
  2 worms (D:2)
  5 dart slugs
  4 ball pythons
  2 bats
  4 endoplasms
  4 giant cockroaches
  4 goblins
  4 hobgoblins
  5 jackals
  5 kobolds
  4 quokkas
  3 frilled lizards
  6 rats
56 creatures vanquished.

Notes
Turn   | Place    | Note
-------+----------+-------------------------------------------
     0 | D:1      | mtoz the Minotaur Fighter began the quest for the Orb.
     0 | D:1      | Reached XP level 1. HP: 19/19 MP: 0/0
   412 | D:1      | Reached XP level 2. HP: 27/27 MP: 1/1
   694 | D:1      | Reached XP level 3. HP: 33/33 MP: 2/2
  1372 | D:2      | Reached XP level 4. HP: 32/40 MP: 3/3
  1869 | D:3      | Noticed Jessica
  1873 | D:3      | Killed Jessica
  2463 | D:4      | Noticed Ijyb
  2475 | D:4      | Killed from afar by Ijyb

Illustrated notes

Levels and vault maps discovered:
D:1:      nicolae_arrival_memento_mori, layout_loops_ring
D:2:      layout_basic
D:3:      layout_loops_ring, uniq_jessica
D:4:      layout_basic, minmay_temple_entry_hall, uniq_ijyb

Skill      XL: |  1  2 |
---------------+-------+-----
Armour         | 4 |  4.6
Fighting       | 4 |  4.5
Shields        | 4 |  4.6
Axes           | 3 |  3.8

Action                   |  1- 3 |  4- 6 || total
-------------------------+-------+-------++-------
Melee: War axe           |    92 |    37 ||   129
       Headbutt          |     8 |     8 ||    16
Armor: Scale mail        |    39 |       ||    39
       Chain mail        |       |    24 ||    24
Dodge: Dodged            |    54 |    13 ||    67
Block: Buckler           |    10 |     9 ||    19
